 Dungeon Crawl Stone Soup version 0.21.1-1-g345015f (webtiles) character file.

1374 Zhenya24pyc the Basher (level 8, -7/53 HPs)
             Began as a Gargoyle Fighter on Feb 6, 2018.
             Mangled by an orc warrior
             ... wielding a +0 short sword
              (12 damage)
             ... on level 6 of the Dungeon.
             The game lasted 00:08:38 (5051 turns).

Zhenya24pyc the Basher (Gargoyle Fighter)           Turns: 5051, Time: 00:08:41

Health: -7/53      AC: 12    Str: 22    XL:     8   Next: 66%
Magic:  8/8        EV:  8    Int:  9    God:
Gold:   255        SH:  9    Dex:  9    Spells: 7/7 levels left

rFire    x . .     SeeInvis .   y - +0 mace (crush)
rCold    + . .     Gourm    .   c - +0 shield
rNeg     + . .     Faith    .   b - +0 scale mail
rPois    ∞         Spirit   .   (no helmet)
rElec    +         Reflect  .   (no cloak)
rCorr    .         Harm     .   (no gloves)
MR       .....                  (no boots)
Stlth    ..........             (no amulet)
HPRegen  0.17/turn              q - ring of ice
MPRegen  0.11/turn              (no ring)

@: no status effects
A: negative energy resistance 1, electricity resistance, unbreathing,
petrification resistance, rot immunity, AC +5
a: no special abilities


You were on level 6 of the Dungeon.
You were not hungry.

You visited 1 branch of the dungeon, and saw 6 of its levels.

You collected 255 gold pieces.

Inventory:

Hand Weapons
 u - a +0 morningstar
 y - a +0 mace of crushing (weapon)
Armour
 b - a +0 scale mail (worn)
 c - a +0 shield (worn)
Jewellery
 q - a ring of ice (left hand)
Wands
 l - a wand of polymorph (2)
Scrolls
 a - 2 scrolls of fog {unknown}
 g - a scroll of immolation {unknown}
 h - 5 scrolls of amnesia {unknown}
 i - 5 scrolls of identify {unknown}
 n - a scroll of enchant weapon {unknown}
 r - a scroll of noise {unknown}
 s - a scroll of remove curse {unknown}
 v - 3 scrolls of blinking {unknown}
 w - a scroll of fear {unknown}
Potions
 d - 2 potions of might
 e - 3 potions of heal wounds {unknown}
 j - a potion of magic {unknown}
 k - 2 potions of ambrosia {unknown}
 m - 2 potions of brilliance {unknown}
 o - 3 potions of agility {unknown}
 p - 3 potions of curing {unknown}
 t - a potion of lignification {unknown}
Comestibles
 f - 7 rations
 x - 3 chunks of flesh


   Skills:
 + Level 7.1 Fighting
 * Level 8.3 Maces & Flails
 - Level 3.2 Armour
 + Level 2.0 Dodging
 - Level 3.2 Shields


You had 7 spell levels left.
You didn't know any spells.

Dungeon Overview and Level Annotations

Branches:
Dungeon (6/15)
 Temple: D:4-7

Altars:
Ashenzari
Gozag
Yredelemnul
The Shining One


Innate Abilities, Weirdness & Mutations

You are resistant to torment.
Your stone body is resilient. (AC +5)
You are immune to poison.
You resist negative energy. (rN+)
You are resistant to electric shocks. (rElec)
You can survive without breathing.
You are immune to petrification.
You are immune to rotting.


Message History

The orc warrior hits you with a short sword!
You are too injured to fight recklessly!
You are too injured to fight recklessly!
You are too injured to fight recklessly!
You are too injured to fight recklessly!
You hit the orc warrior but do no damage.
The orc warrior is severely wounded.
The orc warrior barely misses you.
You hit the orc warrior but do no damage.
The orc warrior is severely wounded.
The orc priest looks braver for a moment.
The orc warrior hits you with a short sword.
* * * LOW HITPOINT WARNING * * *
You completely miss the orc warrior.
The orc warrior is severely wounded.
The orc priest invokes the aid of Beogh against you.
Beogh smites you!
* * * LOW HITPOINT WARNING * * *
The orc warrior hits you with a short sword!
You die...

#..###.##....#.#..#
#.#.#.###.##......#
#.##.## #.##.#.#..#
#.##..# #.##......# #
#.###.# #.###..##.# #
#.# #.# #.# #.###.# #
#.# #.# #.# #.###.# #
#. #.# #.###.....####
#@# #...)....##... #o#
########.##.#. #.oo..#
#.##.#.
#.....########.##.##
................##.##
###.....#######..##.##
#.....# ###.>...##
#.#...# #......###
#.###$# #.#..#.)..


You could see an orc warrior, an orc priest and an orc.

Vanquished Creatures
  Grinder (D:4)
  2 ice beasts (D:6)
  An ogre (D:4)
  2 centaurs (D:6)
  A scorpion (D:4)
  A howler monkey (D:4)
  2 crimson imps (D:5)
  A centaur zombie (D:6)
  3 orc priests
  2 hounds
  An orc wizard (D:4)
  Jessica (D:3)
  2 iguanas (D:3)
  3 worker ants
  Ijyb (D:4)
  5 adders
  A shadow imp (D:6)
  2 oozes (D:3)
  An adder skeleton (D:4)
  4 worms
  2 dart slugs
  5 leopard geckos
  20 orcs
  7 bats
  8 giant cockroaches
  9 goblins
  6 hobgoblins
  13 jackals
  3 quokkas
  2 ball pythons (D:3)
  3 frilled lizards
  10 kobolds
  A quokka skeleton (D:4)
  10 rats
136 creatures vanquished.

Notes
Turn   | Place    | Note
-------+----------+-------------------------------------------
     0 | D:1      | Zhenya24pyc the Gargoyle Fighter began the quest for the Orb.
     0 | D:1      | Reached XP level 1. HP: 14/14 MP: 1/1
    54 | D:1      | Reached XP level 2. HP: 19/19 MP: 2/2
   301 | D:1      | Reached XP level 3. HP: 21/23 MP: 3/3
   622 | D:1      | Reached skill level 3 in Maces & Flails
   762 | D:2      | Reached skill level 1 in Dodging
   818 | D:2      | Reached XP level 4. HP: 28/29 MP: 4/4
  1094 | D:2      | Found a basalt altar of Yredelemnul.
  1094 | D:2      | Found a shattered altar of Ashenzari.
  1447 | D:3      | Reached skill level 4 in Maces & Flails
  1451 | D:3      | Reached XP level 5. HP: 28/34 MP: 5/5
  1652 | D:3      | Found a shattered altar of Ashenzari.
  1658 | D:3      | Noticed Jessica
  1685 | D:3      | Killed Jessica
  1885 | D:3      | HP: 1/34 [iguana (7)]
  2212 | D:4      | Found an opulent altar of Gozag.
  2221 | D:4      | Reached skill level 5 in Maces & Flails
  2221 | D:4      | Reached XP level 6. HP: 28/40 MP: 6/6
  2488 | D:4      | Reached skill level 5 in Fighting
  2614 | D:4      | Reached XP level 7. HP: 38/44 MP: 7/7
  2858 | D:4      | Reached skill level 6 in Maces & Flails
  3086 | D:5      | Entered Level 5 of the Dungeon
  3623 | D:5      | Found a glowing golden altar of the Shining One.
  3627 | D:5      | Noticed Ijyb
  3631 | D:5      | Noticed Grinder
  3776 | D:4      | Killed Ijyb
  3804 | D:4      | Killed Grinder
  3804 | D:4      | Reached skill level 7 in Maces & Flails
  3804 | D:4      | Reached XP level 8. HP: 28/51 MP: 8/8
  4827 | D:6      | Reached skill level 8 in Maces & Flails
  5051 | D:6      | Mangled by an orc warrior

Skill      XL: |  1  2  3  4  5  6  7  8 |
---------------+-------------------------+-----
Maces & Flails | 3 4 5 7 8 |  8.3
Dodging        | 1 2 |  2.0
Fighting       | 4 5 6 7 |  7.1
Armour         | |  3.2
Shields        | |  3.2

Action                   |  1- 3 |  4- 6 |  7- 9 || total
-------------------------+-------+-------+-------++-------
Melee: Flail             |   127 |   243 |    10 ||   380
       Morningstar       |       |       |   184 ||   184
       Unarmed           |       |       |     4 ||     4
       Mace              |       |       |    43 ||    43
  Eat: Chunk             |       |     6 |     5 ||    11
       Ration            |       |       |     1 ||     1
Armor: Scale mail        |    85 |   150 |   107 ||   342
       Skin              |       |       |     1 ||     1
Dodge: Dodged            |    45 |    90 |    66 ||   201
Block: Shield            |    89 |   150 |    81 ||   320
